[Event "2nd Irena Warakomska Memorial-A"]
[Site "Suwalki"]
[Date "2018.08.03"]
[Round "3"]
[White "Grib, Roman"]
[Black "Zaika, Daniil"]
[Result "1-0"]
[ECO "B50"]
[WhiteElo "2431"]
[BlackElo "2213"]
[Annotator "NA RC"]
[PlyCount "83"]
[EventDate "2018.08.01"]
[EventType "swiss"]
[EventCountry "POL"]
[SourceTitle "playchess.com"]
[Source "ChessBase"]
[SourceQuality "1"]
[TimeControl "40/5400+30:1800+30"]

1. e4 c5 2. Nf3 d6 3. c3 Nf6 4. Be2 g6 5. O-O Bg7 6. Bb5+ Nc6 7. d4 O-O 8. d5 Na5 9. Nbd2 a6 10. Bd3 b5 11. b4 cxb4 12. cxb4 Nc4 13. Bxc4 bxc4 14. Bb2 Bd7 15. Bc3 e6 16. Rc1 exd5 17. exd5 Rc8 18. a3 Nxd5 19. Bxg7 Kxg7 20. Nxc4 Nf4 21. g3 d5 22. Qd4+ Qf6 23. Qxf6+ Kxf6 24. Nb6 Ne2+ 25. Kg2 Rxc1 26. Nxd7+ Ke7 27. Nxf8 Kxf8 28. Rxc1 Nxc1 29. Nd4 Nd3 30. Kf3 Ne5+ 31. Kf4 Nc4 32. a4 Ke7 33. Kg5 Nb6 34. a5 Nd7 35. b5 axb5 36. Nxb5 Nc5 37. Kh6 Kd7 38. Kxh7 Na6 39. Kg8 Kc6 40. Nd4+ Kc5 41. Nf3 f5 42. Kf7 1-0

[Event "2nd Irena Warakomska Memorial-A"]
[Site "Suwalki"]
[Date "2018.08.03"]
[Round "3"]
[White "Cukrowski, Filip"]
[Black "Aleksandrov, Aleksej"]
[Result "0-1"]
[ECO "C92"]
[WhiteElo "2404"]
[BlackElo "2585"]
[Annotator "ChessBase"]
[PlyCount "90"]
[EventDate "2018.08.01"]
[EventType "swiss"]
[EventCountry "POL"]
[SourceTitle "playchess.com"]
[Source "ChessBase"]
[SourceQuality "1"]
[TimeControl "40/5400+30:1800+30"]

1. e4 e5 2. Nf3 Nc6 3. Bb5 a6 4. Ba4 Nf6 5. O-O Be7 6. Re1 b5 7. Bb3 O-O 8. h3 d6 9. c3 Nd7 10. d4 Bf6 11. Be3 Ne7 12. Nbd2 c5 13. dxe5 dxe5 14. c4 Qc7 15. Nh2 Nc6 16. cxb5 axb5 17. Bd5 Be7 18. Ng4 Bb7 19. a4 bxa4 20. Nc4 h5 21. Nh6+ gxh6 22. Qxh5 Nf6 23. Qxh6 Nh7 24. Qh5 Nb4 25. Bh6 Bf6 26. Bxf8 Nxf8 27. Bxb7 Qxb7 28. Ra3 Ng6 29. Rg3 Nc2 30. Nd6 Qd7 31. Rd1 Nd4 32. Nxf7 Qxf7 33. Rxg6+ Bg7 34. Qg4 Ra7 35. Rd3 Qf4 36. Qxf4 exf4 37. Rb6 Nb3 38. Rdxb3 axb3 39. Rxb3 Ra2 40. Rb8+ Kh7 41. Rb7 Rxb2 42. Rc7 Rc2 43. e5 Kg6 44. e6 Bd4 45. e7 Kf7 0-1

[Event "2nd Irena Warakomska Memorial-A"]
[Site "Suwalki"]
[Date "2018.08.03"]
[Round "3"]
[White "Kosakowski, Jakub"]
[Black "Ulybin, Mikhail"]
[Result "1-0"]
[ECO "C08"]
[WhiteElo "2361"]
[BlackElo "2512"]
[Annotator "ChessBase"]
[PlyCount "71"]
[EventDate "2018.08.01"]
[EventType "swiss"]
[EventCountry "POL"]
[SourceTitle "playchess.com"]
[Source "ChessBase"]
[SourceQuality "1"]
[TimeControl "40/5400+30:1800+30"]

1. e4 e6 2. d4 d5 3. Nd2 c5 4. exd5 exd5 5. Ngf3 Nf6 6. Bb5+ Bd7 7. Bxd7+ Nbxd7 8. O-O Be7 9. dxc5 Nxc5 10. Nd4 Qd7 11. N2f3 O-O 12. Bf4 Rfe8 13. c3 Rac8 14. Re1 b5 15. Ne5 Qb7 16. Qf3 Nce4 17. Nf5 Bc5 18. Nd3 Bb6 19. Re2 Re6 20. Rae1 Rce8 21. Be3 Bc7 22. g3 a5 23. Nc5 Nxc5 24. Bxc5 Ne4 25. Bd4 Be5 26. Bxe5 Rxe5 27. Nd6 Qd7 28. Nxe8 Rxe8 29. Qd3 Rd8 30. f3 Nf6 31. Re7 Qc6 32. Qd4 h6 33. Ra7 a4 34. Ree7 Nd7 35. Kg2 Qd6 36. Qe3 1-0

[Event "2nd Irena Warakomska Memorial-A"]
[Site "Suwalki"]
[Date "2018.08.03"]
[Round "3"]
[White "Schippers, Maurice"]
[Black "Budrewicz, Krzysztof"]
[Result "1/2-1/2"]
[ECO "B06"]
[WhiteElo "2303"]
[BlackElo "2203"]
[Annotator "NA"]
[PlyCount "199"]
[EventDate "2018.08.01"]
[EventType "swiss"]
[EventCountry "POL"]
[SourceTitle "playchess.com"]
[Source "ChessBase"]
[SourceQuality "1"]
[TimeControl "40/5400+30:1800+30"]

1. e4 g6 2. d4 Bg7 3. Nc3 d6 4. g3 Nf6 5. Bg2 O-O 6. Nf3 Bg4 7. O-O {[%emt 0:04:07] B07: Pirc Defence: Miscellaneous Systems} Nc6 8. h3 Bxf3 9. Bxf3 e5 10. d5 Nd4 (10... Ne7 11. Bg2 Nd7 12. Ne2 f5 13. f3 Nf6 14. Be3 c5 15. c4 {0-1 (51) Faibisovich,V (2325)-Milov,V (2589) Basel 2018}) 11. Bg2 Ne8 $146 ({Predecessor:} 11... c6 12. Nb1 cxd5 13. c3 Ne6 14. exd5 Nc7 {1-0 (40) Rijnaarts,S (2302)-Konings,F (2280) Netherlands 2012}) 12. Nb1 c6 13. a4 cxd5 14. exd5 Nf5 15. Nd2 Ne7 16. a5 f5 17. c4 Rc8 18. Ra4 Nf6 19. Qb3 Nd7 20. Qa2 Nc5 21. Ra3 e4 22. b4 Nd3 23. Rxd3 exd3 24. Nf3 b6 25. axb6 axb6 26. Be3 f4 27. Bxf4 h6 28. h4 Nf5 29. Qb3 Qf6 30. Qxd3 Qc3 31. Qb1 Rxc4 32. Bd2 Qc2 33. Qxc2 Rxc2 34. Rd1 Nd4 35. Ne1 Ra2 36. Be3 Ne2+ 37. Kh2 b5 38. Bh3 Ra1 39. Rxa1 Bxa1 40. Bf1 Bd4 41. Bxe2 Bxe3 42. Bxb5 Rxf2+ 43. Kh3 Kg7 44. Nd3 Rd2 45. Kg4 Kf6 46. Kf3 Bd4 47. Ba6 Ra2 48. Bc4 Ra3 49. g4 Bb6 50. Bb5 Ra1 51. Be8 Ra7 52. Kf4 g5+ 53. hxg5+ hxg5+ 54. Kf3 Re7 55. Bb5 Re3+ 56. Kg2 Ke7 57. Ba6 Kd8 58. Bb5 Kc7 59. Ba6 Bd4 60. Nc1 Be5 61. Kf2 Re4 62. Be2 Rxb4 63. Bf3 Rb2+ 64. Ne2 Kb6 65. Be4 Kc5 66. Kf3 Kc4 67. Nc1 Kd4 68. Bh7 Kxd5 69. Nd3 Rb8 70. Ke3 Bd4+ 71. Kf3 Rf8+ 72. Kg2 Bc5 73. Ne1 Ke5 74. Bf5 Kf4 75. Nd3+ Ke3 76. Nf2 Rb8 77. Nh3 Rg8 78. Be6 Rg7 79. Ng1 Bd4 80. Bd5 Be5 81. Be6 Bf4 82. Nf3 Rb7 83. Kh3 Rb2 84. Bd5 Rf2 85. Bb7 Rxf3+ 86. Bxf3 Kd4 87. Kg2 d5 88. Kf2 Bc1 89. Ke2 Ba3 90. Kd2 $15 Bb4+ 91. Kc2 Ba5 92. Bg2 Bd8 93. Bf3 Bf6 94. Bg2 Kc4 95. Bf1+ Kd4 96. Bg2 Bg7 97. Bf3 Ke5 98. Kd3 d4 99. Be4 Kf4 100. Bf5 1/2-1/2

[Event "2nd Irena Warakomska Memorial-A"]
[Site "Suwalki"]
[Date "2018.08.03"]
[Round "3"]
[White "Szustakowski, Antoni"]
[Black "Dzhuguryan, Tygran"]
[Result "1/2-1/2"]
[ECO "D25"]
[WhiteElo "2300"]
[BlackElo "2179"]
[Annotator "ChessBase"]
[PlyCount "125"]
[EventDate "2018.08.01"]
[EventType "swiss"]
[EventCountry "POL"]
[SourceTitle "playchess.com"]
[Source "ChessBase"]
[SourceQuality "1"]
[TimeControl "40/5400+30:1800+30"]

1. d4 d5 2. c4 dxc4 3. Nf3 Nf6 4. e3 b5 5. a4 b4 6. Bxc4 Bb7 7. O-O e6 8. Qe2 Nbd7 9. Rd1 Be7 10. b3 O-O 11. Bb2 c5 12. Nbd2 cxd4 13. Nxd4 Rc8 14. N2f3 Bd5 15. Bb5 Nc5 16. Nc6 Qc7 17. Nxb4 Bxf3 18. Qxf3 Nxb3 19. Rab1 Nd2 20. Rxd2 Bxb4 21. Rd4 Qc2 22. Bd3 Qd2 23. Bxh7+ Nxh7 24. Rxd2 Bxd2 25. Qg4 Bc3 26. Bxc3 Rxc3 27. Qd4 Rfc8 28. h3 R3c7 29. Rb5 Nf6 30. Rg5 Kf8 31. Qd6+ Kg8 32. Qg3 Ne8 33. h4 Rc4 34. h5 Kh7 35. Ra5 R8c7 36. Qg5 Nd6 37. f3 Nf5 38. e4 Nh6 39. Qe3 Rc3 40. Qd4 R3c4 41. Qd8 Rc8 42. Qd7 R8c7 43. Qb5 Rc1+ 44. Kh2 Re7 45. Qb8 Rcc7 46. Qf8 f5 47. Rb5 fxe4 48. Rb8 Nf7 49. fxe4 e5 50. Kh3 Re6 51. Kg4 g6 52. a5 gxh5+ 53. Kh3 Rg6 54. Qb4 Rc1 55. g3 Rc2 56. Rb7 Rg7 57. g4 Rf2 58. Rxa7 Rf3+ 59. Kg2 Rf4 60. Qf8 Rgxg4+ 61. Kh2 Rg7 62. Qe7 Rfg4 63. a6 1/2-1/2

[Event "2nd Irena Warakomska Memorial-A"]
[Site "Suwalki"]
[Date "2018.08.03"]
[Round "3"]
[White "Kowalski, Igor"]
[Black "Paprocki, Jaroslaw"]
[Result "1-0"]
[ECO "A45"]
[WhiteElo "2294"]
[BlackElo "2177"]
[Annotator "NA"]
[PlyCount "107"]
[EventDate "2018.08.01"]
[EventType "swiss"]
[EventCountry "POL"]
[SourceTitle "playchess.com"]
[Source "ChessBase"]
[SourceQuality "1"]
[TimeControl "40/5400+30:1800+30"]

1. d4 Nf6 2. g3 e6 3. Bg2 d5 4. Nf3 b5 5. a4 b4 6. c4 Bb7 7. Ne5 Nbd7 8. Bg5 Be7 9. cxd5 Nxe5 10. dxe5 Nxd5 11. Bxe7 Qxe7 12. O-O O-O 13. Nd2 Rad8 14. Qc2 Ba6 15. Nb3 c5 16. Qxc5 Bxe2 17. Rfe1 Qxc5 18. Nxc5 Bh5 19. Rac1 Bg6 20. Red1 Nb6 21. Rxd8 Rxd8 22. a5 Nd5 23. Nb7 Rb8 24. Nd6 Kf8 25. Bxd5 exd5 26. Rc8+ Rxc8 27. Nxc8 Bf5 28. Nd6 Bd7 29. f4 Ke7 30. Kf2 f6 31. Ke3 g5 32. Kd4 gxf4 33. gxf4 fxe5+ 34. fxe5 Ke6 35. Nb7 Bc6 36. Nc5+ Kf5 37. Nd3 b3 38. Nb4 Ba4 39. a6 h5 40. Kxd5 Bb5 41. e6 h4 42. e7 Kf6 43. Kd6 h3 44. Nd5+ Kf7 45. Nc7 Be8 46. Ne6 Bb5 47. Ng5+ Ke8 48. Nxh3 Bxa6 49. Nf4 Kf7 50. Nd5 Bb5 51. Nc7 Ba4 52. e8=B+ Bxe8 53. Nxe8 Kxe8 54. Kc5 1-0

[Event "2nd Irena Warakomska Memorial-A"]
[Site "Suwalki"]
[Date "2018.08.03"]
[Round "3"]
[White "Kyc, Jerzy"]
[Black "Zielinski, Wojciech"]
[Result "1-0"]
[ECO "C10"]
[WhiteElo "2283"]
[BlackElo "2157"]
[Annotator "NA"]
[PlyCount "85"]
[EventDate "2018.08.01"]
[EventType "swiss"]
[EventCountry "POL"]
[SourceTitle "playchess.com"]
[Source "ChessBase"]
[SourceQuality "1"]
[TimeControl "40/5400+30:1800+30"]

1. e4 e6 2. d4 d5 3. Nd2 dxe4 4. Nxe4 Nd7 5. Nf3 Ngf6 6. Nxf6+ Nxf6 7. Bd3 c5 8. O-O cxd4 9. Nxd4 Be7 10. Re1 O-O 11. c3 Qb6 12. Qc2 h6 13. Bf4 Nd5 14. Be5 Bf6 15. Rad1 Bxe5 16. Rxe5 Qd6 17. Ree1 Qb6 18. Bh7+ Kh8 19. Be4 Nf6 20. Bf3 Bd7 21. Rd2 Rad8 22. Qb3 Qxb3 23. axb3 Bc6 24. Bxc6 bxc6 25. b4 Rd5 26. Ra1 Rfd8 27. Re2 R8d6 28. f4 g5 29. fxg5 hxg5 30. Rxa7 e5 31. Nf3 Rd1+ 32. Kf2 Nd5 33. Rxe5 g4 34. Rxf7 Nf6 35. Nd4 Rd2+ 36. Re2 g3+ 37. hxg3 Rd1 38. Nf5 Ng4+ 39. Kf3 Nh2+ 40. Kf4 Rf1+ 41. Kg5 Rd8 42. Ree7 Rg8+ 43. Kh5 1-0

[Event "2nd Irena Warakomska Memorial-A"]
[Site "Suwalki"]
[Date "2018.08.03"]
[Round "3"]
[White "Paszewski, Mateusz"]
[Black "Praczukowski, Stanislaw"]
[Result "1-0"]
[ECO "D00"]
[WhiteElo "2274"]
[BlackElo "2136"]
[Annotator "NA"]
[PlyCount "65"]
[EventDate "2018.08.01"]
[EventType "swiss"]
[EventCountry "POL"]
[SourceTitle "playchess.com"]
[Source "ChessBase"]
[SourceQuality "1"]
[TimeControl "40/5400+30:1800+30"]

1. d4 d5 2. Bf4 Nf6 3. e3 c5 4. dxc5 e6 5. b4 a5 6. c3 axb4 7. cxb4 Be7 8. Nc3 O-O 9. a3 Nc6 10. Bb5 e5 11. Bxc6 exf4 12. Bxd5 fxe3 13. fxe3 Ng4 14. Qf3 Bh4+ 15. g3 Bg5 16. O-O-O Qe7 17. Kb2 Bf6 18. e4 Ne5 19. Qe3 Be6 20. Nf3 Bxd5 21. Nxe5 Bxe4 22. Qxe4 Bxe5 23. Rhe1 f6 24. Qc4+ Kh8 25. Kb3 b6 26. c6 Qa7 27. Nb5 Qa4+ 28. Ka2 Ra5 29. Rd5 Rxb5 30. Rxb5 Rd8 31. Re2 Rd1 32. Rbxe5 fxe5 33. c7 1-0

[Event "2nd Irena Warakomska Memorial-A"]
[Site "Suwalki"]
[Date "2018.08.03"]
[Round "3"]
[White "Marszalek, Maciej"]
[Black "Dmochowska, Agnieszka"]
[Result "1/2-1/2"]
[ECO "A40"]
[WhiteElo "2269"]
[BlackElo "2096"]
[Annotator "NA"]
[PlyCount "37"]
[EventDate "2018.08.01"]
[EventType "swiss"]
[EventCountry "POL"]
[SourceTitle "playchess.com"]
[Source "ChessBase"]
[SourceQuality "1"]
[TimeControl "40/5400+30:1800+30"]

1. d4 Nf6 2. c4 e6 3. g3 b6 4. Bg2 c6 5. Nc3 Bb7 6. Nf3 Be7 7. O-O d5 8. Qd3 O-O 9. Rd1 Nbd7 10. Bg5 h6 11. Bxf6 Nxf6 12. Ne5 Nd7 13. cxd5 cxd5 14. Nf3 Nf6 15. Rac1 Rc8 16. Ne5 Nd7 17. Nf3 Nf6 18. Ne5 Nd7 19. Nf3 1/2-1/2

[Event "2nd Irena Warakomska Memorial-A"]
[Site "Suwalki"]
[Date "2018.08.03"]
[Round "3"]
[White "Sowul, Bartosz"]
[Black "Maj, Pawel"]
[Result "1-0"]
[ECO "E24"]
[WhiteElo "2257"]
[BlackElo "1521"]
[Annotator "NA"]
[PlyCount "69"]
[EventDate "2018.08.01"]
[EventType "swiss"]
[EventCountry "POL"]
[SourceTitle "playchess.com"]
[Source "ChessBase"]
[SourceQuality "1"]
[TimeControl "40/5400+30:1800+30"]

1. d4 Nf6 2. c4 e6 3. Nc3 Bb4 4. a3 Bxc3+ 5. bxc3 d6 6. e3 Qe7 7. Bd3 Nbd7 8. Ne2 b6 9. a4 Bb7 10. O-O Be4 11. a5 O-O 12. Ng3 Bxd3 13. Qxd3 c5 14. e4 Rfc8 15. f4 bxa5 16. e5 Ne8 17. Ne4 f5 18. exf6 Nexf6 19. Rxa5 Nxe4 20. Qxe4 Nf6 21. Qe2 Qd7 22. Re1 cxd4 23. cxd4 d5 24. c5 Ne4 25. f5 exf5 26. Bf4 Re8 27. Be5 Re6 28. Rea1 Rg6 29. Ra6 Qb7 30. h3 Nc3 31. Qf1 Qd7 32. Rxg6 hxg6 33. Qa6 f4 34. c6 Qf7 35. Qb7 1-0

[Event "2nd Irena Warakomska Memorial-A"]
[Site "Suwalki"]
[Date "2018.08.03"]
[Round "3"]
[White "Kumala, Aleksander"]
[Black "Bernadskiy, Vitaliy"]
[Result "0-1"]
[ECO "B20"]
[WhiteElo "2238"]
[BlackElo "2544"]
[Annotator "ChessBase"]
[PlyCount "78"]
[EventDate "2018.08.01"]
[EventType "swiss"]
[EventCountry "POL"]
[SourceTitle "playchess.com"]
[Source "ChessBase"]
[SourceQuality "1"]
[TimeControl "40/5400+30:1800+30"]

1. e4 c5 2. b3 g6 3. Bb2 Nf6 4. Qf3 d6 5. Bb5+ Nbd7 6. Bxf6 exf6 7. Qd3 a6 8. Bxd7+ Bxd7 9. Nc3 f5 10. O-O-O Qf6 11. exf5 O-O-O 12. fxg6 hxg6 13. Qf3 Qg7 14. Nge2 Bc6 15. Qg3 Be7 16. d4 Bh4 17. Qe3 Bxg2 18. Rhg1 Bc6 19. dxc5 Rde8 20. Qd4 Qxd4 21. Nxd4 Bxf2 22. Nxc6 Bxg1 23. cxd6 Be3+ 24. Kb2 Kd7 25. Na5 Bb6 26. Nc4 Bd8 27. Rd2 b5 28. Na3 b4 29. Nd5 bxa3+ 30. Kxa3 Re5 31. c4 Kxd6 32. Nb4+ Kc7 33. Nxa6+ Kb7 34. Nb4 Be7 35. Rd7+ Kc8 36. Ra7 Rxh2 37. Ka4 f5 38. a3 Bxb4 39. Kxb4 f4 0-1

[Event "2nd Irena Warakomska Memorial-A"]
[Site "Suwalki"]
[Date "2018.08.03"]
[Round "3"]
[White "Godzwon, Iwo"]
[Black "Gumularz, Szymon"]
[Result "1-0"]
[ECO "B90"]
[WhiteElo "2222"]
[BlackElo "2458"]
[Annotator "ChessBase"]
[PlyCount "103"]
[EventDate "2018.08.01"]
[EventType "swiss"]
[EventCountry "POL"]
[SourceTitle "playchess.com"]
[Source "ChessBase"]
[SourceQuality "1"]
[TimeControl "40/5400+30:1800+30"]

1. e4 c5 2. Nf3 d6 3. d4 cxd4 4. Nxd4 Nf6 5. Nc3 a6 6. Be3 e6 7. g4 b5 8. g5 Nfd7 9. a3 Bb7 10. h4 Nb6 11. Qh5 g6 12. Qg4 e5 13. Nb3 h5 14. gxh6 Bxh6 15. O-O-O Bxe3+ 16. fxe3 Qe7 17. Na5 Bc8 18. Qg3 Be6 19. Nd5 Bxd5 20. exd5 Qc7 21. h5 N8d7 22. Bg2 O-O-O 23. hxg6 fxg6 24. Nc6 Rdf8 25. Qxg6 Nc4 26. Rxh8 Rxh8 27. Qg7 Rh2 28. Qg3 Rh6 29. Bh3 Kb7 30. Bxd7 Qxd7 31. Qg8 Qc7 32. Rg1 Rh7 33. e4 Kb6 34. Qg3 Kb7 35. Qg8 Kb6 36. Rf1 Qg7 37. Qd8+ Qc7 38. Qf6 Rh2 39. Qg5 Rh3 40. Qg1+ Ne3 41. Re1 Qh7 42. Kd2 Qxe4 43. Rxe3 Qf4 44. Ke2 Rh2+ 45. Ke1 Qh4+ 46. Rg3+ Kc7 47. Qa7+ Kc8 48. Qb8+ Kd7 49. Qb7+ Ke8 50. Qc8+ Kf7 51. Qe6+ Kf8 52. Qg8# 1-0

[Event "2nd Irena Warakomska Memorial-A"]
[Site "Suwalki"]
[Date "2018.08.03"]
[Round "3"]
[White "Buraczewski, Rafal"]
[Black "Zgadzaj, Rafal"]
[Result "0-1"]
[ECO "A43"]
[WhiteElo "2221"]
[BlackElo "2154"]
[Annotator "NA"]
[PlyCount "112"]
[EventDate "2018.08.01"]
[EventType "swiss"]
[EventCountry "POL"]
[SourceTitle "playchess.com"]
[Source "ChessBase"]
[SourceQuality "1"]
[TimeControl "40/5400+30:1800+30"]

1. d4 g6 2. c4 Bg7 3. Nc3 c5 4. d5 Bxc3+ 5. bxc3 f5 6. Qc2 Nf6 7. Bh6 d6 8. h4 Qa5 9. e3 Nbd7 10. Nh3 Rg8 11. Bg5 Ne5 12. Bxf6 exf6 13. Be2 Bd7 14. f4 Ng4 15. Bxg4 fxg4 16. Nf2 f5 17. e4 g3 18. Nd1 Ba4 19. Qd3 O-O-O 20. O-O fxe4 21. Qxe4 Bxd1 22. Raxd1 Rge8 23. Qd3 Qxa2 24. Ra1 Qe2 25. Qxg3 Qxc4 26. Rxa7 Kb8 27. Raa1 Qxd5 28. Rad1 Qf5 29. c4 d5 30. cxd5 Rxd5 31. Rxd5 Qxd5 32. f5+ Qe5 33. Qxe5+ Rxe5 34. f6 Re8 35. g4 Kc7 36. g5 b5 37. Kf2 b4 38. Re1 Rb8 39. Ke3 Kc6 40. Kd2 c4 41. Kc2 Kc5 42. Rf1 Kd6 43. Rd1+ Ke5 44. Re1+ Kf5 45. Re7 b3+ 46. Kb1 c3 47. Rc7 c2+ 48. Kb2 Kg4 49. Rc4+ Kg3 50. Re4 Rc8 51. Re1 Kxh4 52. Rg1 Rc7 53. Kc1 Kh5 54. Kb2 h6 55. gxh6 Kxh6 56. Rf1 c1=Q+ 0-1

[Event "2nd Irena Warakomska Memorial-A"]
[Site "Suwalki"]
[Date "2018.08.03"]
[Round "3"]
[White "Pietruszewski, Marcin"]
[Black "Warakomski, Tomasz"]
[Result "0-1"]
[ECO "B56"]
[WhiteElo "2208"]
[BlackElo "2512"]
[Annotator "ChessBase"]
[PlyCount "80"]
[EventDate "2018.08.01"]
[EventType "swiss"]
[EventCountry "POL"]
[SourceTitle "playchess.com"]
[Source "ChessBase"]
[SourceQuality "1"]
[TimeControl "40/5400+30:1800+30"]

1. e4 c5 2. Nf3 d6 3. d4 cxd4 4. Nxd4 Nf6 5. Nc3 Nc6 6. Nb3 e6 7. Be2 Be7 8. g4 d5 9. exd5 Nxd5 10. Nxd5 exd5 11. Be3 O-O 12. Qd2 Ne5 13. Rg1 Nc4 14. Bxc4 dxc4 15. Qxd8 Rxd8 16. Nd4 Bd7 17. c3 b5 18. a3 a5 19. Nc2 b4 20. axb4 axb4 21. Rxa8 Rxa8 22. cxb4 Bxb4+ 23. Ke2 Bf8 24. Bd4 f5 25. h3 Rd8 26. Bc3 Ba4 27. Ne3 f4 28. Nxc4 Bb5 29. b3 f3+ 30. Ke3 Bc5+ 31. Kf4 Bxf2 32. Rf1 Rf8+ 33. Ke5 Ba7 34. Bb4 Rf7 35. Kd5 f2 36. Bc5 Rd7+ 37. Bd6 Bb8 38. Kc5 Bxc4 39. bxc4 Rxd6 40. Rxf2 Rd3 0-1

[Event "2nd Irena Warakomska Memorial-A"]
[Site "Suwalki"]
[Date "2018.08.03"]
[Round "3"]
[White "Popiol, Michal"]
[Black "Kuchava, Ana"]
[Result "1/2-1/2"]
[ECO "D37"]
[WhiteElo "2164"]
[BlackElo "2124"]
[Annotator "NA"]
[PlyCount "70"]
[EventDate "2018.08.01"]
[EventType "swiss"]
[EventCountry "POL"]
[SourceTitle "playchess.com"]
[Source "ChessBase"]
[SourceQuality "1"]
[TimeControl "40/5400+30:1800+30"]

1. d4 d5 2. c4 e6 3. Nc3 Be7 4. Nf3 Nf6 5. Bf4 c5 6. dxc5 Bxc5 7. e3 Nc6 8. a3 O-O 9. Qc2 Qa5 10. Rd1 Be7 11. Bd3 h6 12. O-O a6 13. h3 Bd7 14. cxd5 exd5 15. Ne5 Be6 16. Nxc6 bxc6 17. e4 Rfc8 18. Qd2 Qd8 19. Bb1 Bf8 20. Rfe1 a5 21. Be5 dxe4 22. Qe3 Nd5 23. Qxe4 g6 24. Ba2 Bg7 25. Nxd5 cxd5 26. Bxd5 Bxd5 27. Rxd5 Qb6 28. Bxg7 Kxg7 29. Qe5+ Qf6 30. Rxa5 Rxa5 31. Qxa5 Qxb2 32. a4 Rc4 33. Qb5 Qd4 34. a5 Rc5 35. Qb6 Qc3 1/2-1/2

[Event "2nd Irena Warakomska Memorial-A"]
[Site "Suwalki"]
[Date "2018.08.03"]
[Round "3"]
[White "Ocytko, Andrzej"]
[Black "Sliwerski, Radoslaw"]
[Result "1/2-1/2"]
[ECO "B50"]
[WhiteElo "2155"]
[BlackElo "1990"]
[Annotator "NA"]
[PlyCount "69"]
[EventDate "2018.08.01"]
[EventType "swiss"]
[EventCountry "POL"]
[SourceTitle "playchess.com"]
[Source "ChessBase"]
[SourceQuality "1"]
[TimeControl "40/5400+30:1800+30"]

1. e4 c5 2. Nf3 d6 3. c4 Nc6 4. d4 cxd4 5. Nxd4 Nf6 6. Nc3 g6 7. Be2 Bg7 8. Be3 O-O 9. Qd2 Bd7 10. f3 a6 11. O-O Rc8 12. Rac1 Re8 13. Rfd1 Qa5 14. Nb3 Qc7 15. Nd5 Qb8 16. Nb6 Rcd8 17. Nd4 Nxd4 18. Bxd4 Be6 19. Be3 Nd7 20. Qb4 Nxb6 21. Bxb6 Rc8 22. a4 Bh6 23. Rb1 a5 24. Qc3 Bg7 25. Bd4 Bxd4+ 26. Qxd4 Qc7 27. b3 Qc5 28. Qxc5 dxc5 29. Kf2 Red8 30. Ke3 f6 31. f4 h6 32. g4 Kg7 33. Bf3 b6 34. Rxd8 Rxd8 35. Rd1 1/2-1/2

[Event "2nd Irena Warakomska Memorial-A"]
[Site "Suwalki"]
[Date "2018.08.03"]
[Round "3"]
[White "Ulanowski, Karol"]
[Black "Punin, Andrii"]
[Result "1/2-1/2"]
[ECO "B18"]
[WhiteElo "2149"]
[BlackElo "2339"]
[Annotator "NA"]
[PlyCount "74"]
[EventDate "2018.08.01"]
[EventType "swiss"]
[EventCountry "POL"]
[SourceTitle "playchess.com"]
[Source "ChessBase"]
[SourceQuality "1"]
[TimeControl "40/5400+30:1800+30"]

1. e4 c6 2. d4 d5 3. Nc3 dxe4 4. Nxe4 Bf5 5. Ng3 Bg6 6. h4 h6 7. Nf3 e6 8. Ne5 Bh7 9. Be3 Nd7 10. f4 Ngf6 11. Qd2 Be7 12. O-O-O O-O 13. c4 Qc7 14. Bd3 Bxd3 15. Qxd3 Rfd8 16. Qc3 c5 17. Kb1 cxd4 18. Bxd4 Bc5 19. Rhe1 Bxd4 20. Rxd4 Nxe5 21. fxe5 Rxd4 22. Qxd4 Rd8 23. Qf4 Ne8 24. a3 f5 25. Ne2 Qd7 26. g4 Qd3+ 27. Ka1 Rc8 28. gxf5 Rxc4 29. Qf2 exf5 30. Nc3 Qd4 31. Qf3 Qxh4 32. Rh1 Qf4 33. Qd5+ Kf8 34. Rd1 Rc6 35. Rd4 Qc1+ 36. Ka2 Rxc3 37. bxc3 Qc2+ 1/2-1/2

[Event "2nd Irena Warakomska Memorial-A"]
[Site "Suwalki"]
[Date "2018.08.03"]
[Round "3"]
[White "Harshini, A."]
[Black "Szostko, Jakub"]
[Result "1-0"]
[ECO "C91"]
[WhiteElo "2124"]
[BlackElo "2299"]
[Annotator "ChessBase"]
[PlyCount "167"]
[EventDate "2018.08.01"]
[EventType "swiss"]
[EventCountry "POL"]
[SourceTitle "playchess.com"]
[Source "ChessBase"]
[SourceQuality "1"]
[TimeControl "40/5400+30:1800+30"]

1. e4 e5 2. Nf3 Nc6 3. Bb5 a6 4. Ba4 Nf6 5. O-O Be7 6. Re1 b5 7. Bb3 d6 8. c3 O-O 9. d4 Bg4 10. d5 Na5 11. Bc2 Qc8 12. h3 Bd7 13. Nbd2 c6 14. dxc6 Qxc6 15. Nf1 Rfc8 16. Bd3 Nb7 17. Ng3 g6 18. Bh6 Nc5 19. Qd2 Nxd3 20. Qxd3 Ne8 21. Rac1 Be6 22. b3 a5 23. Rc2 f6 24. Rd1 a4 25. Nd2 axb3 26. axb3 d5 27. f4 dxe4 28. Qxe4 Qxe4 29. Ngxe4 f5 30. Ng5 Bxg5 31. Bxg5 e4 32. c4 Ra7 33. Rdc1 Rac7 34. Bh4 Nd6 35. c5 e3 36. Nf1 e2 37. Rxe2 Ne4 38. b4 Bc4 39. Rb2 Bxf1 40. Kxf1 Rd7 41. Bf2 Kf7 42. Rbc2 Nxf2 43. Kxf2 Rd4 44. Rb2 Rxf4+ 45. Kg3 Rd4 46. Ra1 Ke6 47. Ra5 Rb8 48. Ra6+ Kd7 49. Ra7+ Kc6 50. Rxh7 Re8 51. Ra7 Re6 52. Ra8 Kb7 53. Rg8 Kc6 54. Rb8 Ree4 55. Rb6+ Kd5 56. Rxb5 Kc4 57. Rb6 Kc3 58. Rf2 Rxb4 59. Rxg6 f4+ 60. Kg4 Rbc4 61. Rf6 Rxc5 62. R6xf4 Re8 63. h4 Rd5 64. g3 Rg8+ 65. Kh3 Rd1 66. g4 Rh1+ 67. Kg3 Rg1+ 68. Rg2 Rh1 69. g5 Kd3 70. Kg4 Ke3 71. Rg3+ Ke2 72. Re4+ Kd2 73. Kh5 Rh8+ 74. Kg6 R8xh4 75. Rxh4 Rxh4 76. Kg7 Ke2 77. g6 Kf2 78. Rc3 Rb4 79. Kh7 Rh4+ 80. Kg8 Rb4 81. g7 Kg2 82. Rc6 Kg3 83. Kh7 Rb7 84. Kh8 1-0

[Event "2nd Irena Warakomska Memorial-A"]
[Site "Suwalki"]
[Date "2018.08.03"]
[Round "3"]
[White "Walkusz, Witoslaw"]
[Black "Nowak, Lukasz"]
[Result "0-1"]
[ECO "B51"]
[WhiteElo "2121"]
[BlackElo "2280"]
[Annotator "NA"]
[PlyCount "80"]
[EventDate "2018.08.01"]
[EventType "swiss"]
[EventCountry "POL"]
[SourceTitle "playchess.com"]
[Source "ChessBase"]
[SourceQuality "1"]
[TimeControl "40/5400+30:1800+30"]

1. e4 c5 2. Nf3 d6 3. Bb5+ Nd7 4. a4 Ngf6 5. Nc3 a6 6. Bc4 b6 7. O-O Bb7 8. d3 e6 9. h3 Be7 10. Re1 O-O 11. Bf4 Qc7 12. Qe2 Rfe8 13. Bg3 Bf8 14. Rad1 Bc6 15. Qf1 Qb7 16. Bb3 b5 17. Ra1 d5 18. exd5 exd5 19. Ne5 Nxe5 20. Bxe5 Nd7 21. Bf4 c4 22. Ba2 Nc5 23. Rxe8 Rxe8 24. Nd1 Nxa4 25. b3 cxb3 26. cxb3 Nc5 27. d4 Ne6 28. Be3 g6 29. Nb2 Bg7 30. Qd3 Qb6 31. Rd1 a5 32. Bb1 a4 33. b4 Ra8 34. Qa3 Qd8 35. Nd3 Nxd4 36. Kf1 Nb3 37. Nc5 d4 38. Nxb3 axb3 39. Qxb3 Bd5 40. Qc2 dxe3 0-1